AoeStats
← victimizer

Arabia

509215717Analyzed
1v1 RM · 7d ago on Sep 25, 2026· 18m 50s· 2 players
Game mode
Random Map
Map size
Tiny (2 player)
Population
200
Speed
Normal
Resources
Standard
Victory
Conquest
Starting age
Dark Age
Ending age
Imperial Age
RankedLock teamsTeams togetherTeam positionsShared explorationLock speedFull tech treeHidden civsTurbo modeCheats
Victory
Defeat
🇩🇪 Mongols · Germany
1545
+18
🇦🇷 Khmer · Argentina
1599
-18
victimizer
8:05 Feudal Age
8:49 Double-Bit Axe
10:33 Loom
17:49 Castle Age
19:32 Bloodlines
19:23 Husbandry
19:32 Scale Barding Armor
Zentraedi
7:37 Loom
10:08 Feudal Age
14:50 Castle Age
14:27 Bloodlines
15:37 Double-Bit Axe
Connection lost

Rejoining the realm…

Still unreachable

The connection could not be restored.

Session expired

The server has moved on; the page needs a fresh start.